 Dungeon Crawl Stone Soup version 0.31.0-4-g52a2dc7128 (webtiles) character file.

Game seed: 7175163853733353360

14 dialectric the Sneak (level 2, -8/21 HPs)
             Began as an Octopode Delver on Jan 22, 2024.
             Mangled by an iguana (14 damage)
             ... on level 4 of the Dungeon.
             The game lasted 00:00:44 (340 turns).

dialectric the Sneak (Octopode Delver)               Turns: 340, Time: 00:00:46

Health: -8/21      AC:  1    Str: 11    XL:     2   Next: 41%
Magic:  2/2        EV: 13    Int: 12    God:
Gold:   74         SH:  0    Dex: 13    Spells: 1/1 levels left

rFire   . . .        h - +4 short sword
rCold   . . .        (no shield)
rNeg    . . .        (helmet restricted)
rPois   .            g - amulet of regeneration
rElec   .            (no ring)
rCorr   .            (no ring)
SInv    .            (no ring)
Will    .....        (no ring)
Stlth   ++++         (no ring)
HPRegen 1.03/turn    (no ring)
MPRegen 0.08/turn    (no ring)
                     (no ring)

%: no passive effects
@: no status effects
A: almost no armour, amphibious, 8 rings, camouflage 1, gelatinous body 1,
(nimble swimmer 1), tentacles
a: no special abilities


You were on level 4 of the Dungeon.
You visited 1 branch of the dungeon, and saw 2 of its levels.

You collected 74 gold pieces.

Inventory:

Hand Weapons
 a - a +0 short sword
 h - a +4 short sword (weapon)
Jewellery
 g - an amulet of regeneration (around mantle)
Wands
 f - a wand of digging (3)
Scrolls
 b - a scroll of fog
 c - a scroll of revelation
 d - 2 scrolls of fear
 i - a scroll of teleportation {unknown}
Potions
 e - a potion of haste
 j - a potion of curing {unknown}


   Skills:
 + Level 3.1 Fighting
 + Level 2.0 Short Blades
 + Level 2.0 Dodging
 + Level 7.2 Stealth


You had one spell level left.
You didn't know any spells.
Your spell library contained the following spells:

 Spells                   Type           Power      Damage    Failure   Level
 Shock                    Conj/Air       0%         1d3       32%         1
 Swiftness                Air            0%         N/A       69%         3
 Airstrike                Air            0%         2d(0-16)  97%         4


Dungeon Overview and Level Annotations

Branches:
Dungeon (5/15)             Temple (0/1) D:4

Altars:
Gozag

Annotations:
D:4 3 runed translucent doors, pigah's ghost, amateur OpSh


Innate Abilities, Weirdness & Mutations

You cannot wear most types of armour.
You are amphibious.
You can wear up to eight rings at the same time.
Your skin changes colour to match your surroundings (Stealth+).
Your rubbery body absorbs attacks. (AC +1, EV +1)
((You are camouflaged when in or above water. (Stealth+)))
You have tentacles for arms and can constrict up to eight enemies at once.


Message History

You now have 32 gold pieces (gained 1).
You now have 33 gold pieces (gained 1).
There is an opulent altar of Gozag here.
There is a stone staircase leading up here.
You climb upwards.
There is a stone staircase leading down here.
Unknown command.
The goblin shouts!
You hear a loud, deep croak!
The adder hisses angrily.
You hear an angry hiss.
The iguana hisses angrily.
Found a staircase to the Ecumenical Temple.
You now have 54 gold pieces (gained 21).
You now have 58 gold pieces (gained 4).
An iguana and an orc come into view.
You see here 16 gold pieces.
You now have 74 gold pieces (gained 16).
An orc comes into view. It is wielding a +0 mace.
An orc comes into view. It is wielding a +0 falchion.
The helpless orc fails to defend itself.
You impale the orc!!
You kill the orc!
The helpless orc fails to defend itself.
You impale the orc!!
You kill the orc!
The orc shouts!
Things that are here:
a +0 mace; a +0 leather armour An orc priest comes into view.
It is wielding a +0 mace.
The orc misses you.
The orc priest shouts!
You hit the orc. Your grab misses the orc. Your squeeze misses the orc.
The orc is lightly wounded.
The orc hits you with a +0 falchion. The iguana bites you!
You hit the orc. You grab the orc.
The orc is heavily wounded.
You constrict the orc. The orc hits you with a +0 falchion.
* * * LOW HITPOINT WARNING * * *
The iguana bites you!
Ouch! That really hurt!
You die...

.# .# #.# .. #.# .# #.#
.# #.# .# ... .# #######
#o# .######..$..# #o#
.........8⌠.####@#######
######.#.......)l.......
#...8⌠.>.#..######.
#.#.........#
#.#.8⌠.####.#
###.#....####.#
............l..#
####.########### #.#


You could see an iguana, an orc priest and an orc.

Vanquished Creatures
  A white imp (D:5)
  A ribbon worm (D:5)
  2 orcs (D:4)
4 creatures vanquished.

Notes
Turn   | Place    | Note
-------+----------+-------------------------------------------
     0 | D:5      | dialectric the Octopode Delver began the quest for the Orb.
     0 | D:5      | Reached XP level 1. HP: 16/16 MP: 1/1
    56 | D:5      | Reached skill level 7 in Stealth
    56 | D:5      | Reached XP level 2. HP: 21/21 MP: 2/2
   254 | D:5      | Found an opulent altar of Gozag.
   293 | D:4      | Noticed pigah's ghost (amateur OpSh)
   294 | D:4      | Found a runed translucent gate.
   294 | D:4      | Found a runed translucent gate.
   294 | D:4      | Found a runed translucent gate.
   294 | D:4      | Noticed a bullfrog
   312 | D:4      | Found a staircase to the Ecumenical Temple.
   340 | D:4      | Mangled by an iguana

Illustrated notes

Levels and vault maps discovered:
D:4:      layout_loops_ring, minmay_temple_entry_drinking_statues,
          gammafunk_ghost_split, uniq_pikel
D:5:      layout_cave_pods, nicolae_gozag_seed_capital, sigmund_edmund_badplayer

Skill      XL: |  1 |
---------------+----+-----
Stealth        | 7 |  7.2
Fighting       | |  3.1
Short Blades   | |  2.0
Dodging        | |  2.0

Action                     || total
---------------------------++-------
  Melee: Short sword       ||     6
         Constrict         ||     1
   Stab: Sleeping          ||     4
 Armour: Skin              ||     4
  Dodge: Dodged            ||     1
